 Dungeon Crawl Stone Soup version 0.31-a0-325-g067879e3d3 (webtiles) character file.

Game seed: 16901569289050979406

11178 AdnanSaban the Basher (level 11, -4/72 HPs)
             Began as a Gargoyle Fighter on July 18, 2023.
             Was a High Priest of Okawaru.
             Slain by a white ugly thing (12 damage)
             ... on level 11 of the Dungeon.
             The game lasted 00:19:39 (11112 turns).

AdnanSaban the Basher (Gargoyle Fighter)           Turns: 11112, Time: 00:19:40

Health: -4/72      AC: 24    Str: 28    XL:     11   Next: 73%
Magic:  9/11       EV: 13    Int: 12    God:    Okawaru [*****.]
Gold:   765        SH:  7    Dex: 13    Spells: 10/10 levels left

rFire   . . .        E - +1 flail (protect)
rCold   . . .        c - +0 buckler
rNeg    + . .        o - +4 robe of the Onion {Str+4 Int+3 Dex+4}
rPois   ∞            u - +0 helmet
rElec   +            (no cloak)
rCorr   +            m - +0 pair of gloves
SInv    .            (no boots)
Will    .....        (no amulet)
Stlth   +++          w - +4 ring of slaying
HPRegen 0.32/turn    y - ring of resist corrosion
MPRegen 0.12/turn

%: no passive effects
@: heroic, under a protective aura
A: sickness immunity, AC +8, negative energy resistance 1, electricity
resistance, torment resistance 1, petrification resistance
a: Renounce Religion, Heroism, Finesse, Duel


You were on level 11 of the Dungeon.
You worshipped Okawaru.
Okawaru was extremely pleased with you.
You visited 2 branches of the dungeon, and saw 12 of its levels.
You visited the Abyss 1 time.

You collected 765 gold pieces.

Inventory:

Hand Weapons
 E - a +1 flail of protection (weapon)
 J - a +1 heavy dire flail
 K - a +2 whip of venom
Armour
 c - a +0 buckler (worn)
 m - a +0 pair of gloves (worn)
 o - the +4 robe of the Onion (worn) {Str+4 Int+3 Dex+4}
   (You found it on level 4 of the Dungeon)

   Str:       It affects your strength (+4).
   Int:       It affects your intelligence (+3).
   Dex:       It affects your dexterity (+4).
 u - a +0 helmet (worn)
Jewellery
 s - an amulet of faith
 w - a +4 ring of slaying (left hand)
 y - a ring of resist corrosion (right hand)
Wands
 v - a wand of flame (25)
 G - a wand of polymorph (13)
Scrolls
 a - 9 scrolls of identify {unknown}
 b - a scroll of torment {unknown}
 e - a scroll of silence {unknown}
 g - 3 scrolls of revelation {unknown}
 h - 2 scrolls of enchant weapon {unknown}
 i - 3 scrolls of poison {unknown}
 j - 5 scrolls of teleportation {unknown}
 n - 2 scrolls of amnesia {unknown}
 t - 2 scrolls of fog {unknown}
 x - 2 scrolls of vulnerability {unknown}
 A - 3 scrolls of enchant armour {unknown}
 C - 2 scrolls of immolation {unknown}
 D - 4 scrolls of fear {unknown}
 H - 3 scrolls of noise {unknown}
Potions
 d - a potion of might
 f - 5 potions of curing {unknown}
 k - a potion of haste {unknown}
 l - 4 potions of degeneration {unknown}
 p - a potion of cancellation {unknown}
 q - 2 potions of lignification {unknown}
 r - 2 potions of mutation {unknown}
 z - 2 potions of enlightenment {unknown}
 B - 2 potions of brilliance {unknown}
 F - a potion of heal wounds {unknown}
 I - 7 potions of ambrosia
 L - a potion of magic {unknown}


   Skills:
 + Level 10.2(15.2) Fighting
 + Level 13.8(18.8) Maces & Flails
 + Level 4.7(9.7) Armour
 + Level 9.0(14.0) Shields


You had 10 spell levels left.
You didn't know any spells.
Your spell library contained the following spells:

 Spells                   Type           Power      Damage    Failure   Level
 Vhi's Electric Charge    Tloc/Air       0%         N/A       71%         3
 Passage of Golubria      Tloc           0%         N/A       98%         4
 Arcjolt                  Conj/Air       0%         1d10      100%        5
 Silence                  Hex/Air        0%         N/A       100%        5
 Lehudib's Crystal Spear  Conj/Erth      0%         10d2      100%        8
 Maxwell's Capacitive Co  Air            0%         ∞         100%        8


Dungeon Overview and Level Annotations

Branches:
Dungeon (11/15)            Temple (1/1) D:6            Lair (0/5) D:8
    Orc (0/2) D:9

Altars:
Ashenzari
Cheibriados
Dithmenos
Elyvilon
Fedhas
Gozag
Hepliaklqana
Kikubaaqudgha
Makhleb
Nemelex Xobeh
Okawaru
Qazlal
Ru
Sif Muna
Trog
Uskayaw
Vehumet
Wu Jian
Xom
Yredelemnul
Zin
The Shining One

Shops:
D:8 (

Annotations:
D:3 1 runed translucent door, Crazy Yiuf


Innate Abilities, Weirdness & Mutations

You are immune to sickness and miasma.
Your stone body is resilient. (AC +8)
You are immune to poison.
You resist negative energy. (rN+)
You are resistant to electric shocks. (rElec)
You are resistant to unholy torment.
You are immune to petrification.


Message History

I - 4 potions of ambrosia (gained 1)
I - 6 potions of ambrosia (gained 2)
I - 7 potions of ambrosia (gained 1)
You open the door.
There is an open door here.
A white ugly thing and a yak come into view.
The white ugly thing gurgles horribly!
You hear a bellow! x3
You block the white ugly thing's attack.
The white ugly thing pecks you! The white ugly thing freezes you!!
The white ugly thing attacks as you move away!
The white ugly thing barely misses you.
You gain the combat prowess of a mighty hero.
The white ugly thing pecks you but does no damage.
You barely miss the white ugly thing.
You block the white ugly thing's attack.
You bludgeon the white ugly thing!!
Your weapon exudes an aura of protection.
The white ugly thing is moderately wounded.
The white ugly thing barely misses you.
You closely miss the white ugly thing.
The white ugly thing is moderately wounded.
The white ugly thing closely misses you.
You hit the white ugly thing.
The white ugly thing is heavily wounded.
You closely miss the white ugly thing.
The white ugly thing is heavily wounded.
The white ugly thing pecks you. The white ugly thing freezes you!!
* * * LOW HITPOINT WARNING * * *
You bludgeon the white ugly thing!!
The white ugly thing is severely wounded.
You block the white ugly thing's attack.
You barely miss the white ugly thing.
The white ugly thing is severely wounded.
You hit the white ugly thing but do no damage.
The white ugly thing is severely wounded.
You block the white ugly thing's attack.
You sock the white ugly thing!
The white ugly thing is almost dead.
The white ugly thing pecks you!
You die...

#.# #†### #...# ##
###.## ##... .# #..#
#...# .# #####'### #..P#
.# #†....††# #...#####
.#
+..†...†########........
.+
#.†...†.'...@u.#......#
.#
#.......######.#......##
.# ###+##### #..........
.# ###......## .#
#......# ## ##.##### .#
.# +#


You could see a white ugly thing.

Vanquished Creatures
  An ugly thing (D:9)
  The ghost of Mithras the Tainter, a novice OpVM of Vehumet (D:6)
  Joseph (D:7)
  Psyche (D:9)
  Maggie (D:7)
  A queen bee (D:11)
  An ice devil (Abyss:2)
  A vampire (D:10)
  2 small abominations (Abyss:2)
  4 yaks
  2 shadows (D:9)
  2 wraiths
  3 wyverns
  2 vampire mosquitoes (D:11)
  Edmund (D:5)
  5 water moccasins
  An acid dragon (D:9)
  Duvessa (D:5)
  3 ice beasts
  3 orc warriors
  A sky beast (D:6)
  2 black bears
  4 centaurs
  2 kobold brigands (D:8)
  3 phantoms
  Blork the orc (D:5)
  7 bullfrogs
  A gnoll sergeant (D:10)
  3 scorpions
  12 wights
  Dowan (D:5)
  39 killer bees
  4 electric eels (D:10)
  5 howler monkeys
  A hound (D:5)
  A gnoll bouda (D:7)
  5 orc priests
  4 jellies
  Natasha (twice) (D:2)
  11 orc wizards
  5 adders
  12 gnolls
  3 white imps
  2 ufetubi (D:4)
  2 dart slugs
  A worm (D:2)
  53 orcs
  8 endoplasms
  2 giant cockroaches
  8 goblins
  4 hobgoblins
  20 kobolds
  2 quokkas
  4 ball pythons
  3 bats
  6 frilled lizards
  5 rats
286 creatures vanquished.

Vanquished Creatures (others)
  An orc wizard (D:6)
1 creature vanquished.

Grand Total: 287 creatures vanquished

Notes
Turn   | Place    | Note
-------+----------+-------------------------------------------
     0 | D:1      | AdnanSaban the Gargoyle Fighter began the quest for the
                  | Orb.
     0 | D:1      | Reached XP level 1. HP: 14/14 MP: 1/1
   203 | D:1      | Reached XP level 2. HP: 19/19 MP: 2/2
  1060 | D:1      | Reached XP level 3. HP: 22/23 MP: 3/3
  1288 | D:2      | Identified the +1 war axe of the Girdle {heavy, Int+6}
  1400 | D:2      | Noticed Natasha
  1407 | D:2      | Killed Natasha
  1408 | D:2      | Reached skill level 3 in Maces & Flails
  1408 | D:2      | Reached XP level 4. HP: 23/29 MP: 4/4
  1686 | D:2      | Noticed Natasha
  1698 | D:2      | Killed Natasha
  1954 | D:3      | Found a glowing silver altar of Zin.
  1961 | D:3      | Reached XP level 5. HP: 33/33 MP: 5/5
  2019 | D:3      | Reached skill level 4 in Maces & Flails
  2307 | D:3      | Found a runed translucent door.
  2308 | D:3      | Noticed Crazy Yiuf
  2360 | D:3      | Found a faded altar of an unknown god.
  2904 | D:4      | Noticed a phantom
  2918 | D:4      | Killed a phantom
  2919 | D:4      | Reached XP level 6. HP: 32/38 MP: 6/6
  3075 | D:4      | Reached skill level 5 in Maces & Flails
  3116 | D:4      | Found a hide-covered altar of Uskayaw.
  3193 | D:4      | Noticed a water moccasin
  3206 | D:4      | Killed a water moccasin
  3207 | D:4      | Reached XP level 7. HP: 26/44 MP: 7/7
  3208 | D:4      | Identified the +4 robe of the Onion {Str+4 Int+3 Dex+4}
  3797 | D:5      | Entered Level 5 of the Dungeon
  3914 | D:5      | Noticed Edmund
  3983 | D:5      | Reached skill level 6 in Maces & Flails
  4129 | D:5      | Noticed Dowan
  4193 | D:5      | Reached skill level 5 in Fighting
  4264 | D:5      | Killed Edmund
  4265 | D:5      | Reached skill level 5 in Shields
  4265 | D:5      | Reached XP level 8. HP: 19/49 MP: 8/8
  4559 | D:5      | Reached skill level 7 in Maces & Flails
  4615 | D:5      | Noticed Blork the orc
  4634 | D:5      | Killed Blork the orc
  4707 | D:5      | Found a hazy altar of Hepliaklqana.
  4710 | D:5      | Noticed Duvessa
  4762 | D:5      | Killed Duvessa
  4769 | D:5      | Killed Dowan
  4883 | D:5      | Reached skill level 8 in Maces & Flails
  5161 | D:6      | Found a runed translucent gate.
  5162 | D:6      | Found a runed translucent gate.
  5185 | D:6      | Reached XP level 9. HP: 55/55 MP: 9/9
  5239 | D:6      | Found a runed translucent gate.
  5459 | D:6      | Found a staircase to the Ecumenical Temple.
  5535 | Temple   | Entered the Ecumenical Temple
  5563 | Temple   | Became a worshipper of Warmaster Okawaru
  5759 | D:6      | Found a blossoming altar of Fedhas.
  5855 | D:6      | Noticed Mithras's ghost (novice OpVM)
  5872 | D:6      | Killed Mithras's ghost
  5873 | D:6      | Reached skill level 9 in Maces & Flails
  6040 | D:7      | Reached * piety under Okawaru
  6192 | D:7      | Found a shimmering blue altar of Sif Muna.
  6230 | D:7      | Reached skill level 10 in Maces & Flails
  6458 | D:7      | Noticed Joseph
  6476 | D:7      | Killed Joseph
  6527 | D:7      | Noticed Maggie
  6540 | D:7      | Killed Maggie
  6540 | D:7      | Reached ** piety under Okawaru
  6541 | D:7      | Reached XP level 10. HP: 64/64 MP: 10/10
  6754 | D:7      | Reached skill level 11 in Maces & Flails
  7423 | D:8      | Reached *** piety under Okawaru
  7431 | D:8      | Found Fesir's Weapon Boutique.
  7526 | D:8      | Found a burning altar of Makhleb.
  7745 | D:8      | Reached skill level 12 in Maces & Flails
  7873 | D:8      | Found a staircase to the Lair.
  7987 | D:8      | Reached **** piety under Okawaru
  8473 | D:9      | Found a staircase to the Orcish Mines.
  8663 | D:9      | Noticed Psyche
  8687 | Abyss:2  | Cast into level 2 of the Abyss (Psyche)
  8709 | Abyss:2  | Noticed a smoke demon
  8719 | Abyss:2  | Reached XP level 11. HP: 71/71 MP: 11/11
  8748 | Abyss:2  | Reached ***** piety under Okawaru
  8750 | Abyss:2  | Noticed a thrashing horror
  8751 | Abyss:2  | Found a corrupted altar of Lugonu.
  8755 | D:9      | Escaped the Abyss
  9077 | D:9      | Reached skill level 13 in Maces & Flails
  9084 | D:9      | Received a gift from Okawaru
  9101 | D:9      | Noticed a red ugly thing
  9137 | D:9      | Killed a red ugly thing
  9196 | D:9      | Found a glowing golden altar of the Shining One.
  9307 | D:9      | Killed Psyche
  9761 | D:10     | Entered Level 10 of the Dungeon
 10760 | D:11     | Reached skill level 10 in Fighting
 11078 | D:11     | Noticed a white ugly thing
 11112 | D:11     | Slain by a white ugly thing

Illustrated notes

Levels and vault maps discovered:
D:1:      tarquinn_simple_flora_water_b, layout_basic
D:2:      layout_loops_cross, minmay_randomly_rotated_circles, uniq_natasha
D:3:      layout_loops_ring, overflow_temple_1_default,
          shapermc_ecumenical_altar_gd, uniq_crazy_yiuf_cottage
D:4:      minmay_door_path, layout_loops_ring, nicolae_overflow_crystal_walls
D:5:      layout_loops_ring, mainiacjoe_overflow_tiny_flanked, uniq_duvessa,
          uniq_edmund, uniq_blork_the_orc
D:6:      layout_loops_ring, mainiacjoe_overflow_brackets,
          minmay_temple_entry_fiery, ebering_ghost_rock_garden
D:7:      layout_gridville, mainiacjoe_overflow_six_doors_small,
          feat_on_display, uniq_maggie, uniq_joseph
D:8:      layout_loops_cross, mainiacjoe_overflow_boulevard,
          due_lair_maze_entry_diamond, serial_shops, nicolae_square_shop,
          minmay_bent
D:9:      layout_roguey, lemuel_doored_altar, orc_david_3,
          minmay_misc_feat_more_columns, nicolae_twisty_statue_hallways,
          uniq_psyche
D:10:     layout_basic, ebering_dispersal_statue_hall, st_stairs_4,
          roderic_roman_lattice, chequers_avenue, minmay_misc_feat_rows,
          nicolae_two_hexagons
D:11:     layout_roguey [special_room_bee], serial_bayou_lagoon_a,
          kiku_gazebo_garden_becter
Temple:   bh_familiar_temple

Skill      XL: |  1  2  3  4  5  6  7  8  9 10 11 |
---------------+----------------------------------+-----
Maces & Flails | 3 4 5 6 8 10 12 13 | 13.8
Armour         | 4 |  4.7
Fighting       | 4 5 6 7 9 10 | 10.2
Shields        | 4 5 6 8 9 |  9.0

Action                     |  1- 3 |  4- 6 |  7- 9 | 10-12 || total
---------------------------+-------+-------+-------+-------++-------
  Melee: Flail             |    48 |       |    33 |   572 ||   653
         Mace              |    57 |   185 |   346 |       ||   588
 Invoke: Heroism           |       |       |       |     1 ||     1
   Stab: Sleeping          |       |       |     2 |       ||     2
 Armour: Scale mail        |    22 |       |       |       ||    22
         Acid dragon scale |    24 |    98 |       |       ||   122
         Robe              |       |       |   209 |   310 ||   519
         Skin              |       |       |       |     7 ||     7
  Dodge: Dodged            |    55 |   100 |   180 |   289 ||   624
  Block: Buckler           |    24 |    55 |    86 |   172 ||   337

Table legend: (Time is in decaauts)
 A = Elapsed time spent in this place.
 B = Non-inter-level travel time spent in this place.
 C = Inter-level travel time spent in this place.
 D = Time resting spent in this place.
 E = Time spent auto-exploring this place.
 F = Levels seen in this place.
 G = Mean time per level.
                   A        B        C        D        E       F      G
               +--------+--------+--------+--------+--------+-----+--------+
         Total |  11090 |  10453 |    637 |    746 |   7390 |  13 |  853.1 |
       Dungeon |  10966 |  10382 |    584 |    731 |   7382 |  11 |  996.9 |
        Temple |     55 |      2 |     53 |      0 |      0 |   1 |   55.0 |
         Abyss |     67 |     67 |      0 |     15 |      8 |   1 |   67.0 |
               +--------+--------+--------+--------+--------+-----+--------+

Top non-repeatable levels by time:
     D:7: 1281 daAuts
     D:1: 1229 daAuts
     D:8: 1197 daAuts
     D:5: 1145 daAuts
     D:9: 1098 daAuts
     D:4: 1081 daAuts
     D:6: 1009 daAuts
     D:3: 880 daAuts
    D:10: 873 daAuts
     D:2: 747 daAuts
    D:11: 422 daAuts
 Abyss:2: 67 daAuts
  Temple: 55 daAuts
